 Dungeon Crawl Stone Soup version 0.29-a0-297-g7659ce593d (webtiles) character file.

Game seed: 15627703654721672505

142124 Ajdolov the Slayer (level 17, -2/208 HPs)
             Began as an Ogre Fire Elementalist on Mar 20, 2022.
             Was the Champion of Vehumet.
             Slain by a naga
             ... wielding a +0 morningstar
              (9 damage)
             ... on level 3 of the Snake Pit.
             The game lasted 01:27:46 (33869 turns).

Ajdolov the Slayer (Ogre Fire Elementalist)        Turns: 33869, Time: 01:27:47

Health: -2/208     AC: 11    Str: 16    XL:     17   Next: 34%
Magic:  4/46       EV:  6    Int: 33    God:    Vehumet [******]
Gold:   2121       SH:  0    Dex:  9    Spells: 6/47 levels left

rFire   + . .      SeeInvis .   Y - +10 trident of the Poles {vorpal, rElec rPois Int+2}
rCold   + . .      Faith    .   (no shield)
rNeg    . . .      Spirit   .   p - +0 troll leather armour
rPois   +          Reflect  .   Q - +3 hat of Pondering {ponderous, Will+ MP+10 Int+5}
rElec   +          Harm     .   w - +2 cloak {Will+}
rCorr   .          Rampage  .   (gloves unavailable)
Will    +++..                   (boots unavailable)
Stlth   ++........              I - amulet of magic regeneration
HPRegen 1.24/turn               R - ring "Atzoriom" {Wiz rF+ Int+4 Stlth+}
MPRegen 0.70/turn               O - ring of protection from cold

@: lethally poisoned (-2 -> -3), about to teleport, marked, constricted, unable
to drink, slow
A: large, unfitting armour, tough skin 1
a: Renounce Religion


You were on level 3 of the Snake Pit.
You worshipped Vehumet.
Vehumet was exalted by your worship.
You visited 5 branches of the dungeon, and saw 27 of its levels.
You also visited: Volcano.

You collected 3907 gold pieces.
You spent 1786 gold pieces at shops.

Inventory:

Hand Weapons
 Y - the +10 trident of the Poles (weapon) {vorpal, rElec rPois Int+2}
   (You found it on level 6 of the Lair of Beasts)

   It inflicts extra damage upon your enemies.
   Int:       It affects your intelligence (+2).
   rElec:     It insulates you from electricity.
   rPois:     It protects you from poison.
Missiles
 A - 5 throwing nets
 P - 8 curare-tipped darts
Armour
 p - a +0 troll leather armour (worn)
 w - a +2 cloak of willpower (worn)
 Q - the +3 hat of Pondering (worn) {ponderous, Will+ MP+10 Int+5}
   (You took it off Gastronok on level 8 of the Dungeon)

   Int:       It affects your intelligence (+5).
   MP:        It affects your magic capacity (+10).
   Will:      It increases your willpower.
Jewellery
 g - a ring of flight
 y - an amulet of reflection
 I - an amulet of magic regeneration (around neck)
 N - a ring of willpower
 O - a ring of protection from cold (right hand)
 R - the ring "Atzoriom" (left hand) {Wiz rF+ Int+4 Stlth+}
   (You bought it in a shop on level 7 of the Dungeon)

   [ring of wizardry]

   It improves your spell success rate.
   Int:       It affects your intelligence (+4).
   rF:        It protects you from fire.
   Stlth:     It makes you more stealthy.
Wands
 o - a wand of flame (29)
 s - a wand of polymorph (5)
 x - a wand of iceblast (14)
 z - a wand of acid (23)
 B - a wand of digging (15)
 K - a wand of paralysis (17)
 Z - a wand of charming (5)
Scrolls
 a - 3 scrolls of summoning
 c - 5 scrolls of fog
 f - 4 scrolls of immolation
 i - 5 scrolls of blinking
 k - 6 scrolls of teleportation
 m - 2 scrolls of holy word
 q - 2 scrolls of identify
 u - 2 scrolls of silence
 C - 4 scrolls of enchant armour
 D - 2 scrolls of amnesia
 E - 9 scrolls of enchant weapon
 G - 6 scrolls of vulnerability
 J - a scroll of torment
 M - 2 scrolls of noise
 S - a scroll of magic mapping
 U - 2 scrolls of fear
 V - a scroll of brand weapon
Potions
 b - 4 potions of magic
 d - 4 potions of attraction
 e - 6 potions of mutation
 h - 4 potions of flight
 j - 5 potions of brilliance
 l - 8 potions of curing
 n - 7 potions of ambrosia
 r - 3 potions of cancellation
 t - 7 potions of heal wounds
 v - 2 potions of might
 F - 5 potions of lignification
 H - 9 potions of haste
Miscellaneous
 T - a phantom mirror
 W - a condenser vane


   Skills:
 + Level 21.9 Fighting
 - Level 0.5 Staves
 - Level 1.7 Dodging
 - Level 1.4 Stealth
 * Level 15.5 Spellcasting
 - Level 8.6 Conjurations
 - Level 6.5 Summonings
 - Level 10.0 Necromancy
 - Level 4.2 Transmutations
 - Level 2.6 Fire Magic
 * Level 8.9 Ice Magic
 - Level 5.4 Earth Magic
 - Level 6.0 Poison Magic
 - Level 4.6 Evocations


You had 6 spell levels left.
You knew the following spells:

 Your Spells              Type           Power      Damage    Failure   Level
a - Foxfire               Conj/Fire      100%       2x1d9     1%          1
b - Scorch                Fire           86%        2d9       1%          2
c - Poisonous Vapours     Pois/Air       90%        N/A       1%          2
d - Ignite Poison         Fire/Tmut/Pois 53%        N/A       1%          3
e - Olgreb's Toxic Radia  Pois           60%        N/A       1%          4
f - Freezing Cloud        Conj/Ice/Air   29%        6-21      1%          5
g - Starburst             Conj/Fire      29%        6d9       3%          6
h - Borgnjor's Vile Clut  Necr/Erth      33%        N/A       1%          5
i - Iron Shot             Conj/Erth      32%        9d7       2%          6
j - Ozocubu's Refrigerat  Ice            35%        4d12      4%          7

Your spell library contained the following spells:

 Spells                   Type           Power      Damage    Failure   Level
 Conjure Ball Lightning   Conj/Air       26%        3x3d7     6%          6
 Pain                     Necr           100%       1d9       1%          1
 Sting                    Tmut/Pois      100%       1d8       1%          1
 Conjure Flame            Conj/Fire      58%        6-21      1%          3
 Dazzling Flash           Conj/Hex       100%       N/A       1%          3
 Inner Flame              Hex/Fire       34%        N/A       1%          3
 Mephitic Cloud           Conj/Pois/Air  55%        N/A       1%          3
 Animate Dead             Necr           37%        N/A       1%          4
 Flame Wave               Conj/Fire      58%        2d11      1%          4
 Iskenderun's Mystic Bla  Conj/Tloc      52%        2d11      1%          4
 Petrify                  Tmut/Erth      55%        N/A       1%          4
 Agony                    Necr           75%        N/A       1%          5
 Excruciating Wounds      Necr           37%        N/A       1%          5
 Iskenderun's Battlesphe  Conj           70%        2d12      1%          5
 Death Channel            Necr           37%        N/A       1%          6
 Confusing Touch          Hex            25%        N/A       2%          3
 Yara's Violent Unravell  Hex/Tmut       19%        3d9       2%          5
 Metabolic Englaciation   Hex/Ice        26%        N/A       3%          5
 Summon Cactus Giant      Summ           31%        N/A       9%          6
 Statue Form              Tmut/Erth      36%        N/A       16%         6
 Dispersal                Tloc           12%        N/A       73%         6
 Spellforged Servitor     Conj/Summ      33%        N/A       9%          7
 Haunt                    Necr/Summ      34%        N/A       22%         7
 Infestation              Necr           37%        N/A       61%         8
 Enfeeble                 Hex            12%        N/A       99%         7
 Disjunction              Tloc           12%        N/A       100%        8


Dungeon Overview and Level Annotations

Branches:
Dungeon (15/15)            Temple (1/1) D:4            Lair (6/6) D:8
  Swamp (0/4) Lair:3        Snake (3/4) Lair:2        Slime (0/5) Lair:6
    Orc (2/2) D:12            Elf (0/3) Orc:2        Vaults (0/5) D:14
 Depths (0/4) D:15        Volcano (visited)

Altars:
Ashenzari
Cheibriados
Dithmenos
Elyvilon
Fedhas
Gozag
Hepliaklqana
Makhleb
Nemelex Xobeh
Okawaru
Qazlal
Ru
Sif Muna
Trog
Uskayaw
Vehumet
Wu Jian
Xom
Yredelemnul
Zin
The Shining One
Beogh

Shops:
D:4 *   D:7 =:   D:10 [   D:11 [   Orc:2 =[*(   Snake:1 *   Snake:2 :*

Annotations:
D:14 2 runed translucent doors, Usyuff's ghost, journeyman DrCj
Snake:3 3 runed translucent doors, 2 transporters, exclusion: obsidian statue, Totiaj's ghost, adept FoFi; Vashnia


Innate Abilities, Weirdness & Mutations

You are too large for most types of armour.
You have tough skin. (AC +1)


Message History

The salamander mystic is almost dead.
You feel very sick.
A naga comes into view. It is wielding a +0 morningstar.
The salamander mystic closely misses you.
The naga mage hits you from afar with a +0 halberd!
* * * LOW HITPOINT WARNING * * *
You hit the salamander mystic but do no damage.
The salamander mystic is almost dead.
You feel sick.
The salamander mystic gestures at the naga while chanting.
The naga seems to speed up.
The naga mage hits you from afar with a +0 halberd!
* * * LOW HITPOINT WARNING * * *
The salamander mystic hits you but does no damage.
Casting: Ozocubu's Refrigeration (dangerous; 5% risk of failure)
Confirm with . or Enter, or press ? or * to list all spells.
The heat is drained from your surroundings.
You feel very cold.
The naga mage, the naga and the salamander mystic are frozen.
The naga mage is almost dead.
The naga is heavily wounded.
The salamander mystic is frozen!
You kill the salamander mystic!
Vehumet accepts your kill.
You feel your power returning.
You feel sick.
The naga mage hits you from afar with a +0 halberd!
* * * LOW HITPOINT WARNING * * *
A naga comes into view.
It is wielding a +2 long sword of electrocution.
As you read the scroll of teleportation, it crumbles to dust.
You feel strangely unstable.
You feel sick.
The naga hits you with a +0 morningstar!
* * * LOW HITPOINT WARNING * * *
The naga grabs you. The naga constricts you.
* * * LOW HITPOINT WARNING * * *
The naga mage spits poison at you.
The splash of poison hits you but does no damage.
You are more poisoned.
You resist.
The naga hits you with a +0 morningstar!
You die...

#.. ... #..
.N #.. ##
#.# .... .N
..#### ##..
.##.....#
#..
.......##
###
####.....N..
.. #.@NN.#
...
.....N.#####
... .###.##
.. #. .. .


You could see a naga mage (catching breath) and 3 nagas.

Vanquished Creatures
  Jorgrun (D:13)
  Gastronok (D:8)
  Kirke (D:14)
  2 orc warlords
  Nessos (D:13)
  A dire elephant (D:15)
  Fannar (D:10)
  Harold (D:9)
  A vault guard (D:14)
  Erolcha (Orc:1)
  7 naga warriors
  10 hydras
  2 ogre magi
  A salamander tyrant (Snake:3)
  2 boulder beetles
  A merfolk avatar (Lair:6)
  5 anacondas
  14 two-headed ogres
  4 centaur warriors
  A death knight (D:15)
  4 death yaks (Lair:5)
  2 tengu warriors
  10 shock serpents
  10 naga sharpshooters
  4 orc high priests (Orc:2)
  A hell knight (Volcano)
  3 salamander mystics
  A fire crab (shapeshifter) (D:14)
  Lodul (D:10)
  4 sea snakes (Lair:6)
  2 naga ritualists (Snake:3)
  An obsidian statue (D:15)
  A deep elf pyromancer (D:13)
  2 bog bodies (Lair:3)
  3 lindwurms
  6 orc knights
  3 orc sorcerers (Orc:2)
  7 mana vipers
  5 manticores
  An elephant (Lair:6)
  9 ugly things
  10 salamanders
  3 cyclopes
  A guardian serpent (Snake:3)
  Joseph (D:10)
  24 black mambas
  11 naga magi
  2 gargoyles
  10 cane toads
  A cane toad (shapeshifter) (D:15)
  2 torpor snails
  Psyche (D:8)
  Maggie (D:9)
  10 komodo dragons
  3 rime drakes
  A tengu conjurer (D:13)
  3 freezing wraiths
  10 trolls
  3 polar bears
  A queen bee (D:10)
  2 wind drakes (Lair:6)
  12 slime creatures
  13 blink frogs
  Grinder (D:3)
  4 hornets
  2 snapping turtles (Lair:6)
  A wolf spider simulacrum (D:14)
  Prince Ribbit (D:8)
  Sigmund (D:3)
  2 dream sheep (D:10)
  A wraith (D:13)
  A vampire (D:12)
  A shadow (D:13)
  A spriggan (shapeshifter) (D:13)
  62 yaks
  4 wyverns
  6 hogs (D:14)
  6 basilisks
  A steam dragon (D:8)
  4 wargs
  6 vampire mosquitoes
  Edmund (D:4)
  23 nagas
  An acid dragon (D:10)
  10 water moccasins
  40 orc warriors
  A sky beast (D:7)
  An ice beast (D:7)
  A black bear (D:7)
  29 wolves
  10 ogres
  8 centaurs
  5 kobold brigands
  2 phantoms
  12 bullfrogs
  A gnoll sergeant (D:10)
  2 scorpions (D:5)
  8 wights
  34 killer bees
  2 electric eels
  7 howler monkeys
  4 hounds
  20 orc priests
  Crazy Yiuf (D:2)
  5 jellies
  3 iron imps (D:9)
  Jessica (D:2)
  Ijyb (D:3)
  Terence (D:3)
  Natasha (thrice) (D:2)
  6 iguanas
  30 orc wizards
  7 hell rats (Lair:6)
  5 adders
  6 gnolls
  2 shadow imps
  2 white imps
  A worm (D:3)
  2 dart slugs (D:3)
  104 orcs
  6 ball pythons
  9 bats
  10 endoplasms
  2 goblins
  7 hobgoblins
  2 quokkas
  9 frilled lizards
  19 kobolds
  3 rats (D:3)
837 creatures vanquished.

Vanquished Creatures (others)
  7 foxfires (D:1)
  52 fungi
  112 plants
171 creatures vanquished.

Grand Total: 1008 creatures vanquished

Notes
Turn   | Place    | Note
-------+----------+-------------------------------------------
     0 | D:1      | Ajdolov the Ogre Fire Elementalist began the quest for the
                  | Orb.
     0 | D:1      | Reached XP level 1. HP: 16/16 MP: 3/3
   147 | D:1      | Reached skill level 1 in Fighting
   257 | D:1      | Reached XP level 2. HP: 15/27 MP: 2/5
   260 | D:1      | Learned a level 2 spell: Scorch
  1061 | D:1      | Reached skill level 2 in Fighting
  1128 | D:2      | Found a runed translucent door.
  1129 | D:2      | Noticed Crazy Yiuf
  1282 | D:2      | Noticed Natasha
  1287 | D:2      | Killed Natasha
  1288 | D:2      | Reached XP level 3. HP: 31/36 MP: 0/8
  1565 | D:2      | Noticed Natasha
  1569 | D:2      | Killed Natasha
  1570 | D:2      | Reached skill level 3 in Fighting
  1570 | D:2      | Reached XP level 4. HP: 38/45 MP: 0/9
  1917 | D:2      | Noticed Natasha
  1923 | D:2      | Killed Natasha
  1924 | D:2      | Reached skill level 4 in Fighting
  1924 | D:2      | Reached XP level 5. HP: 41/54 MP: 4/11
  2089 | D:2      | Noticed Jessica
  2096 | D:2      | Killed Jessica
  2313 | D:2      | Found a faded altar of an unknown god.
  2442 | D:3      | Noticed Terence
  2463 | D:3      | Killed Terence
  2606 | D:3      | Noticed Grinder
  2626 | D:3      | Killed Grinder
  2627 | D:3      | Reached skill level 5 in Fighting
  2627 | D:3      | Reached skill level 5 in Spellcasting
  2627 | D:3      | Reached XP level 6. HP: 67/67 MP: 0/14
  2771 | D:2      | Killed Crazy Yiuf
  2772 | D:2      | Reached skill level 6 in Fighting
  2875 | D:3      | Found a glowing golden altar of the Shining One.
  2979 | D:3      | Reached XP level 7. HP: 55/75 MP: 12/15
  3083 | D:3      | Noticed Ijyb
  3092 | D:3      | Killed Ijyb
  3389 | D:3      | Noticed Sigmund
  3395 | D:3      | Killed Sigmund
  3396 | D:3      | Reached skill level 7 in Fighting
  3725 | D:4      | Noticed Edmund
  3736 | D:4      | Killed Edmund
  3997 | D:4      | Found a hazy altar of Hepliaklqana.
  4152 | D:4      | Found Xuliadeny's Overcharged Wands.
  4233 | D:4      | Reached skill level 8 in Fighting
  4233 | D:4      | Reached XP level 8. HP: 87/88 MP: 11/18
  4297 | D:4      | Found a staircase to the Ecumenical Temple.
  4326 | Temple   | Entered the Ecumenical Temple
  4547 | Temple   | Became a worshipper of Vehumet
  4924 | D:4      | Found a sparkling altar of Nemelex Xobeh.
  5032 | D:5      | Entered Level 5 of the Dungeon
  5771 | D:4      | Reached skill level 9 in Fighting
  5838 | D:5      | Reached * piety under Vehumet
  5838 | D:5      | Offered knowledge of Sandblast by Vehumet.
  6167 | D:5      | Found an iron altar of Okawaru.
  6170 | D:5      | Identified the +9 hand axe of Bonius {vorpal, Drain rF-
                  | rCorr SInv}
  6200 | D:5      | Found a bloodstained altar of Trog.
  6410 | D:5      | Found a basalt altar of Yredelemnul.
  6708 | D:6      | Reached skill level 10 in Fighting
  6772 | D:6      | Reached XP level 9. HP: 87/101 MP: 12/21
  7037 | D:5      | Identified a scroll of acquirement
  7041 | D:5      | Acquired 433 gold pieces
  7098 | D:4      | Bought a wand of iceblast (18) for 330 gold pieces
  7357 | D:6      | Found a white marble altar of Elyvilon.
  7486 | D:6      | Found a sacrificial altar of Ru.
  7565 | D:7      | Found Nauhac's Jewellery Shop.
  7623 | D:7      | Offered knowledge of Static Discharge by Vehumet.
  7624 | D:7      | Reached skill level 11 in Fighting
  7951 | D:7      | Reached ** piety under Vehumet
  8077 | D:7      | Found Foingac's Self-Improvement Boutique.
  8101 | D:7      | Reached skill level 10 in Spellcasting
  8115 | D:7      | Reached skill level 12 in Fighting
  8413 | D:8      | Noticed a red ugly thing
  8458 | D:8      | Reached skill level 1 in Conjurations
  8458 | D:8      | Noticed a hornet
  8659 | D:8      | Noticed Psyche
  8675 | D:8      | Killed Psyche
  8909 | D:8      | Killed a red ugly thing
  8910 | D:8      | Reached skill level 13 in Fighting
  8910 | D:8      | Reached XP level 10. HP: 16/119 MP: 24/24
  9129 | D:8      | Noticed Prince Ribbit
  9238 | D:8      | Killed Prince Ribbit
  9280 | D:8      | Reached skill level 14 in Fighting
  9355 | D:8      | Found a staircase to the Lair.
  9576 | D:8      | Noticed Gastronok
  9582 | D:8      | Paralysed by a hornet for 2 turns
  9587 | D:8      | Paralysed by a hornet for 2 turns
 10958 | D:9      | Offered knowledge of Dazzling Flash by Vehumet.
 11440 | D:9      | Found a burning altar of Makhleb.
 11620 | D:9      | Noticed Harold
 11640 | D:9      | Killed Harold
 11640 | D:9      | Reached *** piety under Vehumet
 11641 | D:9      | Reached skill level 15 in Fighting
 12022 | D:9      | Learned a level 2 spell: Poisonous Vapours
 12026 | D:9      | Learned a level 3 spell: Ignite Poison
 12062 | D:9      | Found a shadowy altar of Dithmenos.
 12370 | D:10     | Entered Level 10 of the Dungeon
 12370 | D:10     | Noticed Maggie
 12380 | D:9      | Killed Maggie
 12450 | D:10     | Noticed Fannar
 12460 | D:9      | Reached skill level 5 in Conjurations
 12850 | D:10     | Killed Fannar
 12851 | D:10     | Reached skill level 16 in Fighting
 12851 | D:10     | Reached XP level 11. HP: 115/135 MP: 11/25
 13011 | D:10     | Noticed a centaur warrior
 13016 | D:10     | Killed a centaur warrior
 13317 | D:10     | Noticed Joseph
 13324 | D:10     | Killed Joseph
 13325 | D:10     | Reached skill level 1 in Transmutations
 13557 | D:10     | Learned a level 4 spell: Olgreb's Toxic Radiance
 13563 | D:10     | Offered knowledge of Airstrike by Vehumet.
 13864 | D:10     | Found Fetyg's Armour Emporium.
 13928 | D:10     | Reached **** piety under Vehumet
 13929 | D:10     | Reached skill level 17 in Fighting
 14075 | D:10     | Found a shimmering blue altar of Sif Muna.
 14194 | D:10     | Found a shimmering altar of Xom.
 14840 | D:10     | Noticed a two-headed hydra
 14851 | D:10     | Killed a two-headed hydra
 15099 | D:10     | Noticed Lodul
 15099 | D:10     | Noticed a two-headed ogre
 15099 | D:10     | Noticed a two-headed ogre
 15108 | D:10     | Killed Lodul
 15108 | D:10     | Killed a two-headed ogre
 15108 | D:10     | Killed a two-headed ogre
 15109 | D:10     | Reached XP level 12. HP: 111/150 MP: 11/26
 15240 | D:8      | Killed Gastronok
 15590 | D:7      | Bought the ring "Atzoriom" {Wiz rF+ Int+4 Stlth+} for 717
                  | gold pieces
 15811 | D:11     | Noticed a two-headed ogre
 15818 | D:11     | Killed a two-headed ogre
 15819 | D:11     | Reached skill level 18 in Fighting
 15937 | D:11     | Noticed a boulder beetle
 15949 | D:11     | Killed a boulder beetle
 15949 | D:11     | Offered knowledge of Iskenderun's Battlesphere by Vehumet.
 16099 | D:11     | Noticed a two-headed ogre
 16104 | D:11     | Killed a two-headed ogre
 16202 | D:11     | Learned a level 5 spell: Freezing Cloud
 16281 | D:11     | Reached skill level 1 in Poison Magic
 16395 | D:11     | Found Ferrojod's Antique Armour Boutique.
 16727 | Lair:1   | Entered Level 1 of the Lair of Beasts
 17318 | Lair:1   | Reached XP level 13. HP: 161/161 MP: 6/28
 17744 | Lair:2   | Reached skill level 19 in Fighting
 17748 | Lair:2   | Found a dark tunnel.
 17756 | Volcano  | Entered a volcano
 17822 | Volcano  | Found a burning altar of Makhleb.
 17922 | Volcano  | Reached ***** piety under Vehumet
 17922 | Volcano  | Offered knowledge of Starburst by Vehumet.
 17992 | Volcano  | Reached skill level 5 in Poison Magic
 18128 | Lair:2   | Found a staircase to the Snake Pit.
 19019 | Lair:3   | Found a staircase to the Swamp.
 19323 | Lair:3   | Reached skill level 20 in Fighting
 19455 | Lair:3   | Reached skill level 1 in Ice Magic
 19717 | Lair:3   | Reached skill level 1 in Evocations
 20043 | Lair:4   | You are sucked into a shaft and drop 2 floors!
 20043 | Lair:6   | Entered Level 6 of the Lair of Beasts
 20098 | Lair:6   | Reached XP level 14. HP: 127/175 MP: 10/30
 20436 | Lair:4   | Learned a level 6 spell: Starburst
 20462 | Lair:4   | Learned a level 5 spell: Borgnjor's Vile Clutch
 20815 | Lair:4   | Reached skill level 1 in Necromancy
 20815 | Lair:4   | Reached skill level 1 in Earth Magic
 20978 | Lair:4   | Offered knowledge of Hailstorm by Vehumet.
 23451 | Lair:6   | Reached skill level 5 in Necromancy
 23451 | Lair:6   | Reached skill level 5 in Earth Magic
 23715 | Lair:6   | Found a staircase to the Slime Pits.
 23960 | Lair:6   | Found the +7 captain's cutlass {speed, disarm}
 23987 | Lair:6   | Learned a level 6 spell: Iron Shot
 23991 | Lair:6   | Identified the +10 trident of the Poles {vorpal, rElec
                  | rPois Int+2}
 24547 | D:12     | Found an ornate altar of the Wu Jian Council.
 24626 | D:12     | Reached XP level 15. HP: 180/183 MP: 32/32
 24653 | D:12     | Found a staircase to the Orcish Mines.
 25039 | D:13     | Offered knowledge of Lee's Rapid Deconstruction by Vehumet.
 25296 | D:13     | Noticed Nessos
 25300 | D:13     | Killed Nessos
 26154 | D:13     | Noticed Jorgrun
 26170 | D:13     | Killed Jorgrun
 26530 | D:14     | Noticed Kirke
 26538 | D:14     | Killed Kirke
 26808 | D:14     | Found a gate to the Vaults.
 26950 | D:14     | Found a large runed translucent door.
 26950 | D:14     | Found a large runed translucent door.
 27244 | D:14     | Noticed Usyuff's ghost (journeyman DrCj)
 27422 | D:15     | Entered Level 15 of the Dungeon
 27530 | D:15     | Reached skill level 1 in Summonings
 28365 | D:15     | Offered knowledge of Ozocubu's Refrigeration by Vehumet.
 28374 | D:15     | Learned a level 7 spell: Ozocubu's Refrigeration
 28526 | D:15     | Found a staircase to the Depths.
 28756 | Orc:1    | Entered Level 1 of the Orcish Mines
 29028 | Orc:2    | Entered Level 2 of the Orcish Mines
 29052 | Orc:2    | Reached XP level 16. HP: 169/195 MP: 7/34
 29200 | Orc:2    | Reached skill level 10 in Necromancy
 30126 | Orc:2    | Reached skill level 5 in Summonings
 30196 | Orc:2    | Found Poegiama's General Store.
 30214 | Orc:2    | Bought a scroll of blinking for 127 gold pieces
 30289 | Orc:2    | Found Roshruene's Antique Armour Shoppe.
 30439 | Orc:2    | Found a staircase to the Elven Halls.
 30501 | Orc:2    | Found Negreh's Jewellery Boutique.
 30635 | Orc:2    | Found Jawoer's Antique Weapon Emporium.
 30922 | Orc:1    | Offered knowledge of Eringya's Noxious Bog by Vehumet.
 31020 | Orc:1    | Reached ****** piety under Vehumet
 31046 | Orc:1    | Noticed Erolcha
 31055 | Orc:1    | Killed Erolcha
 31538 | Snake:1  | Entered Level 1 of the Snake Pit
 31584 | Snake:1  | Reached skill level 5 in Ice Magic
 31605 | Snake:1  | Reached skill level 21 in Fighting
 32079 | Snake:1  | Found Ynaus's Assorted Antiques.
 32215 | Snake:1  | You fall into a shaft and drop 1 floor!
 32321 | Snake:2  | Acquired 624 gold pieces
 32495 | Snake:2  | Found Fajesoagh's General Store.
 32495 | Snake:2  | Found Bixif's Book Shoppe.
 32574 | Snake:2  | Bought a book of Sloth for 612 gold pieces
 33501 | Snake:3  | Offered knowledge of Conjure Ball Lightning by Vehumet.
 33503 | Snake:3  | Reached XP level 17. HP: 199/206 MP: 22/35
 33525 | Snake:3  | Reached skill level 15 in Spellcasting
 33537 | Snake:3  | Noticed Vashnia
 33706 | Snake:3  | Found a runed translucent gate.
 33706 | Snake:3  | Found a runed translucent gate.
 33706 | Snake:3  | Found a runed translucent gate.
 33769 | Snake:3  | Found an opulent altar of Gozag.
 33770 | Snake:3  | Noticed Totiaj's ghost (adept FoFi)
 33772 | Snake:3  | Found a transporter.
 33774 | Snake:3  | Found a transporter.
 33869 | Snake:3  | HP: 9/208 [naga/+0 morningstar (11)]
 33869 | Snake:3  | Slain by a naga

Illustrated notes

Levels and vault maps discovered:
D:1:      minmay_arrival_glassed_features, layout_basic, serial_glass,
          glass_columns_c, glass_columns_b, glass_columns_a, glass_columns_a,
          glass_columns_b
D:2:      layout_loops_cross, hellmonk_ecumenical_altar_inner_sanctum,
          uniq_jessica, uniq_natasha, uniq_crazy_yiuf_cottage
D:3:      layout_loops_ring, mainiacjoe_overflow_brackets, uniq_grinder,
          uniq_terence, uniq_ijyb, uniq_sigmund
D:4:      minmay_spotlight, layout_rooms, nemelex_diamond_rough_becter,
          amcnicky_altar_gilded, temple_doors_e, hangedman_decor_diamond_cutter,
          grunt_ministairs_7, nicolae_shop_overcharged_wands, uniq_edmund
D:5:      layout_basic, okawaru_ov_weapons_minmay, mainiacjoe_overflow_24_doors,
          mainiacjoe_overflow_paths, minmay_lizard_king
D:6:      wander_river, layout_cave_pools, elyvilon_altar_1,
          mainiacjoe_overflow_alcove_4
D:7:      layout_rooms, serial_shops, shop, nicolae_shop_self_help
D:8:      layout_rooms, david_lair_shrubbed, serial_curves, eino_curves_01,
          eino_curves_01, uniq_prince_ribbit1, uniq_gastronok, uniq_psyche
D:9:      layout_stronghold, nicolae_dithmenos_the_darkroom, demons_altar,
          serial_park_tiny_pond, uniq_harold
D:10:     layout_roguey [special_room_bee], mainiacjoe_overflow_surrounded_room,
          lemuel_crystal_altar, serial_shops, nicolae_diamond_shop,
          hangedman_ranch, uniq_joseph, uniq_maggie, uniq_lodul, uniq_fannar
D:11:     layout_cave_pools, serial_shops, nicolae_shop_stone
D:12:     layout_gridville, minmay_orc_entry_temple_small,
          nzn_wu_jian_contemplation
D:13:     layout_roguey [special_room_orc], uniq_nessos, uniq_jorgrun
D:14:     layout_cave_pools, david_vaults_5, kennysheep_decorative_pillar,
          ebering_ghost_disaster_area, uniq_kirke
D:15:     hangedman_depths_entry_try_elsewhere_first, layout_cave_pools,
          hex_tiny, minivault_16
Temple:   dpeg_chambers_temple
Lair:1:   layout_regular_city
Lair:2:   layout_chaotic_city, guppyfry_snake_entry_island,
          nicolae_volcano_entry_hallway, wad_woods_river_03
Lair:3:   layout_loops_ring, skrybe_swamp_entry_bodies,
          infiniplex_staircase_pool_2, grunt_megastairs_2
Lair:4:   layout_regular_city, nicolae_lair_lindhole, lemuel_fruit_tree,
          serial_bayou_shore_b, infiniplex_staircase_pool, grunt_megastairs_5
Lair:5:   layout_cave_pods, minmay_stone_trees_small, serial_bayou_lake_a
Lair:6:   gammafunk_lair_ancient_temple, layout_small_grid,
          nicolae_slime_entry_slimehenge
Snake:1:  layout_rooms, serial_shops, nicolae_shop_hallway_stairs,
          nicolae_snake_gridmaze_big_u
Snake:2:  layout_misc_corridors, minmay_shoptagon, grunt_megastairs_4
Snake:3:  layout_rooms, ebering_ghost_gozag, serial_nicolae_subway,
          nicolae_sub_station_metal, nicolae_sub_station_crystal,
          nicolae_sub_station_stone, uniq_vashnia
Orc:1:    layout_caves, library_closet, mines_bat_river, uniq_erolcha
Orc:2:    grunt_orc_gardens, layout_diamond_mine, grunt_orc_garden,
          grunt_orc_garden, grunt_orc_garden, grunt_orc_garden, basic_altar,
          mines5_lemuel

Skill      XL: |  1  2  3  4  5  6  7  8  9 10 11 12 13 14 15 16 17 |
---------------+----------------------------------------------------+-----
Fighting       | 1 2 3 4 5 6 8 10 13 16 17 18 20 21 | 21.9
Spellcasting   | 3 4 5 7 8 10 11 12 13 14 15 | 15.5
Conjurations   | 2 5 7 8 |  8.6
Transmutations | 3 4 |  4.2
Poison Magic   | 3 6 |  6.0
Ice Magic      | 3 4 7 8 |  8.9
Evocations     | 2 4 |  4.6
Necromancy     | 6 9 10 | 10.0
Earth Magic    | 5 |  5.4
Summonings     | 4 6 |  6.5
Staves         | |  0.5
Dodging        | |  1.7
Stealth        | |  1.4
Fire Magic     | |  2.6

Action                   |  1- 3 |  4- 6 |  7- 9 | 10-12 | 13-15 | 16-18 || total
-------------------------+-------+-------+-------+-------+-------+-------++-------
Melee: Quarterstaff      |    31 |    34 |    32 |       |       |       ||    97
       Scimitar          |       |       |    76 |    76 |       |       ||   152
       Punch             |       |       |     2 |     4 |     2 |     1 ||     9
       Staff             |       |       |       |    49 |    93 |   101 ||   243
       Trident           |       |       |       |       |       |    16 ||    16
 Fire: Fustibalus        |    16 |       |       |       |       |       ||    16
 Cast: Foxfire           |     5 |       |       |       |       |       ||     5
       Scorch            |    12 |    36 |   173 |   123 |    67 |       ||   411
       Poisonous Vapours |       |       |       |    91 |   147 |    66 ||   304
       Ignite Poison     |       |       |       |    38 |   110 |    57 ||   205
       Olgreb's Toxic Ra |       |       |       |    21 |    60 |    30 ||   111
       Freezing Cloud    |       |       |       |     9 |    52 |    67 ||   128
       Starburst         |       |       |       |       |     2 |     3 ||     5
       Borgnjor's Vile C |       |       |       |       |     2 |       ||     2
       Iron Shot         |       |       |       |       |    99 |    68 ||   167
       Ozocubu's Refrige |       |       |       |       |       |    25 ||    25
Evoke: Wand              |       |       |     1 |    14 |       |       ||    15
  Use: Scroll            |       |     5 |    13 |     8 |     2 |     9 ||    37
       Potion            |       |     1 |       |     4 |     3 |       ||     8
 Stab: Paralysed         |       |       |     6 |       |       |       ||     6
       Sleeping          |       |       |     1 |       |       |       ||     1
Armor: Robe              |    20 |    17 |   117 |   134 |       |       ||   288
       Troll leather arm |       |       |       |     8 |    88 |    82 ||   178
Dodge: Dodged            |    21 |    16 |   129 |   130 |    93 |   103 ||   492
Block: Other             |       |     3 |    51 |    75 |    58 |    16 ||   203
       Reflection        |       |       |     2 |     6 |     4 |       ||    12

Table legend: (Time is in decaauts)
 A = Elapsed time spent in this place.
 B = Non-inter-level travel time spent in this place.
 C = Inter-level travel time spent in this place.
 D = Time resting spent in this place.
 E = Time spent auto-exploring this place.
 F = Levels seen in this place.
 G = Mean time per level.
                   A        B        C        D        E       F      G
               +--------+--------+--------+--------+--------+-----+--------+
         Total |  35095 |  32853 |   2242 |   7902 |  19676 |  28 | 1253.4 |
       Dungeon |  21858 |  20366 |   1492 |   6149 |  11259 |  15 | 1457.2 |
        Temple |    260 |    222 |     38 |      0 |    210 |   1 |  260.0 |
          Lair |   7896 |   7363 |    533 |    650 |   5783 |   6 | 1316.0 |
     Snake Pit |   2440 |   2348 |     92 |    674 |   1022 |   3 |  813.3 |
  Orcish Mines |   2291 |   2205 |     86 |    372 |   1246 |   2 | 1145.5 |
       Volcano |    347 |    347 |      0 |     57 |    155 |   1 |  347.0 |
               +--------+--------+--------+--------+--------+-----+--------+

Top non-repeatable levels by time:
     D:9: 2708 daAuts
    D:10: 2557 daAuts
     D:8: 1831 daAuts
     D:4: 1825 daAuts
  Lair:6: 1711 daAuts
    D:13: 1618 daAuts
     D:2: 1559 daAuts
 Snake:2: 1519 daAuts
     D:7: 1490 daAuts
  Lair:4: 1417 daAuts
  Lair:5: 1389 daAuts
  Lair:3: 1272 daAuts
     D:3: 1267 daAuts
   Orc:1: 1233 daAuts
    D:14: 1229 daAuts
